 Dungeon Crawl Stone Soup version 0.29.1-15-g9cfb28693d (webtiles) character file.

Game seed: 9714504774909586489

123 Alturiack the Stinger (level 4, -14/21 HPs)
             Began as a Spriggan Venom Mage on Apr 11, 2023.
             Was an Initiate of Yredelemnul.
             Killed by divine providence
             ... invoked by an orc priest
              (15 damage)
             ... on level 3 of the Dungeon.
             The game lasted 00:09:00 (3515 turns).

Alturiack the Stinger (Spriggan Venom Mage)         Turns: 3515, Time: 00:09:00

Health: -14/21     AC:  2    Str:  4    XL:     4   Next: 80%
Magic:  4/10       EV: 16    Int: 18    God:    Yredelemnul [......]
Gold:   59         SH:  5    Dex: 15    Spells: 9/10 levels left

rFire   . . .      SeeInvis +   d - +0 sling
rCold   . . .      Faith    .   k - +0 buckler
rNeg    . . .      Spirit   .   a - +0 robe
rPois   .          Reflect  .   (helmet restricted)
rElec   .          Harm     .   (no cloak)
rCorr   .          Rampage  .   (gloves unavailable)
Will    .....                   (boots unavailable)
Stlth   ++........              (no amulet)
HPRegen 0.07/turn               (no ring)
MPRegen 0.12/turn               (no ring)

@: very quick
A: very small, no large weapons, unfitting armour, see invisible, speed 3
a: Renounce Religion, Recall Undead Harvest


You were on level 3 of the Dungeon.
You worshipped Yredelemnul.
Yredelemnul was noncommittal.
You visited 1 branch of the dungeon, and saw 3 of its levels.

You collected 59 gold pieces.

Inventory:

Hand Weapons
 d - a +0 sling (weapon)
Armour
 a - a +0 robe (worn)
 k - a +0 buckler (worn)
Jewellery
 o - a ring of protection from cold
Scrolls
 c - a scroll of noise {unknown}
 e - 3 scrolls of identify {unknown}
 f - a scroll of fog {unknown}
 i - a scroll of fear {unknown}
 j - 2 scrolls of blinking {unknown}
 m - a scroll of torment {unknown}
 n - a scroll of vulnerability {unknown}
Potions
 b - a potion of magic
 g - a potion of heal wounds {unknown}
 h - 2 potions of might {unknown}
 l - a potion of curing {unknown}


   Skills:
 * Level 2.4 Ranged Weapons
 + Level 3.6 Dodging
 - Level 3.0 Stealth
 + Level 3.5 Spellcasting
 - Level 1.3 Transmutations
 * Level 4.0 Poison Magic


You had 9 spell levels left.
You knew the following spells:

 Your Spells              Type           Power      Damage    Failure   Level
a - Sting                 Tmut/Pois      48%        1d5       11%         1

Your spell library contained the following spells:

 Spells                   Type           Power      Damage    Failure   Level
 Poisonous Vapours        Pois/Air       20%        N/A       22%         2
 Mephitic Cloud           Conj/Pois/Air  8%         N/A       52%         3
 Olgreb's Toxic Radiance  Pois           17%        N/A       54%         4
 Ice Form                 Ice/Tmut       5%         N/A       95%         4
 Hailstorm                Conj/Ice       3%         3d3       98%         4
 Simulacrum               Ice/Necr       Unusable   N/A       N/A         6

Dungeon Overview and Level Annotations

Branches:
Dungeon (3/15)

Altars:
Wu Jian
Yredelemnul

Shops:
D:2 (


Innate Abilities, Weirdness & Mutations

You are very small and have problems with some larger weapons.
You are too small for most types of armour.
You have supernaturally acute eyesight. (SInv)
You cover ground extremely quickly. (Speed+++)


Message History

Casting: Sting (safe; 11% risk of failure)
Confirm with . or Enter, or press ? or * to list all spells.
Aiming: Sting (safe; 11% risk of failure)
Press: ? - help, Shift-Dir - straight line, f - orc priest
Aim: an orc priest, wielding a +0 falchion (lightly wounded, ally target, 71% to hit)
Really fire in your bat zombie's direction? [Y]es or [N]o only, please.
Really fire in your bat zombie's direction? [Y]es or [N]o only, please.
Really fire in your bat zombie's direction?
Okay, then.
Casting: Sting (safe; 11% risk of failure)
Confirm with . or Enter, or press ? or * to list all spells.
Aiming: Sting (safe; 11% risk of failure)
Press: ? - help, Shift-Dir - straight line, f/p - orc priest
Aim: an orc priest, wielding a +0 falchion (lightly wounded, ally target, 71% to hit)
Really fire in your bat zombie's direction?
Okay, then.
Your magical contamination has completely faded away.
Things that are here:
a +0 war axe; a +0 ring mail
Things that are here:
a +0 mace; a +0 ring mail
Casting: Sting (safe; 11% risk of failure)
Confirm with . or Enter, or press ? or * to list all spells.
You can't see any susceptible monsters within range! (Use Z to cast anyway.) Unknown command.
The orc priest calls down the wrath of Beogh upon you.
Beogh smites you!
Ouch! That really hurt!
* * * LOW HITPOINT WARNING * * *
Your bat zombie hits the orc priest but does no damage.
Your bat zombie hits the orc priest.
The orc priest looks encouraged for a moment.
Your bat zombie hits the orc priest.
The orc priest calls down the wrath of Beogh upon you.
Beogh smites you!
Ouch! That really hurt!
You die...
Your body rises from the dead as a mindless zombie.

####### #.≈.# .......
.≈? #.≈.# #######
.≈.##### #.≈.# #
.≈......######.≈.# #
≈≈≈≈≈≈≈.....Zo≈.#
#### ... .≈≈≈≈≈≈≈≈.#
...#
#..##.####..####.#
##.##
#............)).#
#...##
######@##########
..Z..######### #.#
.............# #.#
..Z..#######.# #.#
.<..## #.# #.# ##..#
#.# #.# #..# #.# #.#
#..# #.# #.#####
#..########.###.#...#


You could see an orc priest (ally target) and a friendly bat zombie.

Vanquished Creatures
  An orc wizard (D:3)
  An adder (D:3)
  4 gnolls (D:2)
  3 worms
  2 dart slugs
  2 orcs (D:3)
  4 ball pythons
  4 endoplasms
  2 giant cockroaches
  3 goblins
  A quokka (D:3)
  5 bats
  A frilled lizard (D:1)
  4 kobolds (D:1)
  A rat (D:3)
38 creatures vanquished.

Vanquished Creatures (collateral kills)
  A rat (D:3)
1 creature vanquished.

Vanquished Creatures (others)
  An endoplasm zombie (D:3)
  A giant cockroach zombie (D:3)
  A goblin zombie (D:3)
  An orc zombie (D:3)
  A rat zombie (D:3)
5 creatures vanquished.

Grand Total: 44 creatures vanquished

Notes
Turn   | Place    | Note
-------+----------+-------------------------------------------
     0 | D:1      | Alturiack the Spriggan Venom Mage began the quest for the
                  | Orb.
     0 | D:1      | Reached XP level 1. HP: 9/9 MP: 5/5
   498 | D:1      | Reached XP level 2. HP: 13/13 MP: 4/6
   773 | D:1      | Found a faded altar of an unknown god.
  1283 | D:2      | Reached skill level 1 in Ranged Weapons
  1447 | D:2      | Identified the +0 leather armour of the Desert {rPois Str+8
                  | Stlth-}
  1509 | D:2      | Reached XP level 3. HP: 16/16 MP: 4/8
  2049 | D:2      | Found Rewy's Antique Weapon Shoppe.
  2150 | D:2      | Found an ornate altar of the Wu Jian Council.
  2223 | D:2      | Reached XP level 4. HP: 21/21 MP: 6/9
  2613 | D:3      | HP: 1/21 [orc priest/divine providence (11)]
  3003 | D:3      | Found a basalt altar of Yredelemnul.
  3017 | D:3      | Became a worshipper of Yredelemnul the Dark
  3494 | D:3      | Reached skill level 4 in Poison Magic
  3512 | D:3      | HP: 1/21 [orc priest/divine providence (13)]
  3515 | D:3      | Killed from afar by an orc priest

Illustrated notes

Levels and vault maps discovered:
D:1:      dpeg_arrival_round_a, layout_basic,
          shapermc_ecumenical_altar_flowoftime
D:2:      layout_basic, serial_shops, shop, basic_altar, minmay_split_cup_large
D:3:      layout_loops_ring, beargit_hepliaklqana_dungeon_heroes,
          nicolae_overflow_squiral, yredelemnul_altar_generic, uniq_terence

Skill      XL: |  1  2  3  4 |
---------------+-------------+-----
Dodging        | 3 |  3.6
Ranged Weapons | 1 2 |  2.4
Spellcasting   | 3 |  3.5
Poison Magic   | 4 |  4.0
Stealth        | |  3.0
Transmutations | |  1.3

Action                   |  1- 3 |  4- 6 || total
-------------------------+-------+-------++-------
 Fire: Sling             |    38 |    27 ||    65
 Cast: Sting             |    37 |    29 ||    66
Armor: Robe              |     2 |     1 ||     3
Dodge: Dodged            |    14 |     7 ||    21
Block: Buckler           |       |     1 ||     1
